 Dungeon Crawl Stone Soup version 0.31.0-11-ge490571c62 (webtiles) character file.

Game seed: 7218427050796878486

77 rumournova the Chopper (level 4, -10/40 HPs)
             Began as a Hill Orc Monk on Jan 26, 2024.
             Mangled by Crazy Yiuf
             ... wielding a +3 quarterstaff of chaos
              (16 damage)
             ... on level 2 of the Dungeon.
             The game lasted 00:05:42 (1868 turns).

rumournova the Chopper (Hill Orc Monk)              Turns: 1868, Time: 00:05:43

Health: -10/40     AC:  8    Str: 15    XL:     4   Next: 33%
Magic:  4/4        EV:  7    Int: 10    God:
Gold:   80         SH:  0    Dex: 13    Spells: 3/3 levels left

rFire   . . .        a - +0 hand axe
rCold   . . .        d - orb {light}
rNeg    . . .        e - +0 chain mail
rPois   .            (no helmet)
rElec   .            b - scarf {repulsion}
rCorr   .            (no gloves)
SInv    .            (no boots)
Will    +....        (no amulet) Stlth
                     (no ring)
HPRegen 0.26/turn    (no ring)
MPRegen 0.09/turn

%: repel missiles
@: enlightened, flying, glowing
A: no striking features
a: no special abilities


You were on level 2 of the Dungeon.
You visited 1 branch of the dungeon, and saw 2 of its levels.

You collected 80 gold pieces.

Inventory:

Hand Weapons
 a - a +0 hand axe (weapon)
Armour
 b - a scarf of repulsion (worn)
 d - an orb of light (worn)
 e - a +0 chain mail (worn)
Wands
 h - a wand of roots (7)
Scrolls
 g - a scroll of enchant armour {unknown}
 k - a scroll of fog {unknown}
 l - a scroll of poison {unknown}
Potions
 c - a potion of ambrosia
 f - a potion of enlightenment
 i - 2 potions of heal wounds
 j - a potion of curing {unknown}


   Skills:
 * Level 4.2 Fighting
 * Level 5.2 Axes
 * Level 1.5 Armour
 * Level 2.9 Dodging


You had 3 spell levels left.
You didn't know any spells.
Your spell library contained the following spells:

 Spells                   Type           Power      Damage    Failure   Level
 Frozen Ramparts          Ice            0%         1d1       100%        3
 Tukima's Dance           Hex            0%         N/A       100%        3
 Leda's Liquefaction      Alch/Erth      0%         N/A       100%        4
 Passage of Golubria      Tloc           0%         N/A       100%        4
 Petrify                  Alch/Erth      0%         N/A       100%        4
 Metabolic Englaciation   Hex/Ice        0%         N/A       100%        5
 Yara's Violent Unravell  Hex/Alch       0%         3d3       100%        5


Dungeon Overview and Level Annotations

Branches:
Dungeon (2/15)

Altars:
Ru

Shops:
D:2 !

Annotations:
D:2 Crazy Yiuf


Message History

There is an open door here.
There is an open door here.
There is an escape hatch in the ceiling here.
A ball python comes into view.
The ball python hisses angrily.
A ball python is nearby!
You see here a +0 club.
The ball python barely misses you. The ball python grabs you.
The ball python constricts you.
You hit the ball python but do no damage.
The ball python bites you but does no damage.
The ball python constricts you.
You slash the ball python!
You kill the ball python!
There is an open door here.
Crazy Yiuf shouts!
You feel very buoyant.
You fly up into the air.
You reach down and open the door.
You hit Crazy Yiuf but do no damage.
Crazy Yiuf hits you with a +3 quarterstaff of chaos!
You hit Crazy Yiuf but do no damage. Crazy Yiuf completely misses you.
You hit Crazy Yiuf.
Crazy Yiuf is moderately wounded.
Crazy Yiuf yells, "Snoogle!
Buddy sing-song wrapper."
Crazy Yiuf hits you with a +3 quarterstaff of chaos!
You hit Crazy Yiuf but do no damage.
Crazy Yiuf is moderately wounded.
Crazy Yiuf hits you but does no damage.
You hit Crazy Yiuf.
Crazy Yiuf is moderately wounded.
Crazy Yiuf hits you with a +3 quarterstaff of chaos!
* * * LOW HITPOINT WARNING * * *
Crazy Yiuf freezes you.
* * * LOW HITPOINT WARNING * * *
You hit Crazy Yiuf but do no damage.
Crazy Yiuf is moderately wounded.
Crazy Yiuf says, "Powder forty-two Xom!"
Crazy Yiuf hits you with a +3 quarterstaff of chaos!
You die...

#..#######..###
#.......#
#.....# #....#
#########
##.#### ♣P.P.♣
#.#### ♣.PP♣♣
#....# ♣♣.♣♣
###### ♣.♣♣
#..# ♣♣.♣ #.##
♣.♣♣ ########
#.# ♣♣@♣
#......# #.#
#g# ######.#
#.# ... #..#
#.# #####.##
#...# ##.# #.#
#......# #..)#
#.###†####
#.###..# #####
##........# #.#
####
#......##.# #.#
###
#########.##
#.# #.# #..#


You could see Crazy Yiuf.

Vanquished Creatures
  4 adders (D:2)
  4 bats
  7 endoplasms
  A giant cockroach (D:1)
  6 hobgoblins
  2 quokkas
  5 ball pythons (D:2)
  5 frilled lizards
  3 kobolds
  2 rats (D:2)
39 creatures vanquished.

Notes
Turn   | Place    | Note
-------+----------+-------------------------------------------
     0 | D:1      | rumournova the Hill Orc Monk began the quest for the Orb.
     0 | D:1      | Reached XP level 1. HP: 19/19 MP: 1/1
   241 | D:1      | Reached XP level 2. HP: 27/27 MP: 2/2
   736 | D:2      | Found a sacrificial altar of Ru.
   881 | D:2      | Found Annuupp's Distillery.
   925 | D:2      | Reached XP level 3. HP: 33/33 MP: 3/3
  1344 | D:2      | Reached skill level 1 in Armour
  1434 | D:2      | Found a runed translucent door.
  1435 | D:2      | Noticed Crazy Yiuf
  1464 | D:2      | Reached skill level 5 in Axes
  1464 | D:2      | Reached XP level 4. HP: 40/40 MP: 4/4
  1868 | D:2      | Mangled by Crazy Yiuf

Illustrated notes

Levels and vault maps discovered:
D:1:      psy_arrival_basics, layout_loops_ring
D:2:      layout_loops_corners, serial_shops, shop_statue, basic_altar,
          uniq_crazy_yiuf_cottage

Skill      XL: |  1  2  3 |
---------------+----------+-----
Fighting       | 4 |  4.2
Armour         | 1 |  1.5
Axes           | 5 |  5.2
Dodging        | |  2.9

Action                     |  1- 3 |  4- 6 || total
---------------------------+-------+-------++-------
  Melee: Hand axe          |   107 |    26 ||   133
    Use: Scroll            |     4 |       ||     4
         Potion            |       |     1 ||     1
 Armour: Ring mail         |     9 |       ||     9
         Robe              |     5 |       ||     5
         Scale mail        |    20 |       ||    20
         Chain mail        |    35 |    15 ||    50
  Dodge: Dodged            |    52 |    11 ||    63
